 Dungeon Crawl Stone Soup version 0.31-a0-246-g8cbcc1cb85 (webtiles) character file.

Game seed: 831235001529493074

144 LeprechaunX the Changeling (level 5, -6/36 HPs)
             Began as an Octopode Shapeshifter on July 12, 2023.
             Splashed by a jelly's acid (8 damage)
             ... on level 4 of the Dungeon.
             The game lasted 00:04:28 (2165 turns).

LeprechaunX the Changeling (Octopode Shapeshifter)  Turns: 2165, Time: 00:04:30

Health: -6/36      AC: -3    Str: 15    XL:     5   Next: 26%
Magic:  5/5        EV: 13    Int: 10    God:
Gold:   267        SH:  0    Dex: 14    Spells: 4/4 levels left

rFire   . .          .
                       - Unarmed
rCold   . . .        (no shield)
rNeg    . . .        (helmet currently unavailable)
rPois   .            g - amulet of magic regeneration
rElec   .            (no ring)
rCorr   .            (no ring)
SInv    .            (no ring)
Will    .....        (no ring)
Stlth   ++           (no ring)
HPRegen 0.26/turn    (no ring)
MPRegen 0.49/turn    (no ring)
                     (no ring)

%: no passive effects
@: beast-form, corroded
A: beast (slay +2), almost no armour, amphibious, 8 rings, camouflage 1,
gelatinous body 1, (nimble swimmer 1), tentacles
a: no special abilities


You were on level 4 of the Dungeon.
You were a hulking beast.
You visited 1 branch of the dungeon, and saw 4 of its levels.

You collected 267 gold pieces.

Inventory:

Magical Staves
 i - a staff of fire
 p - a staff of earth
Jewellery
 g - an amulet of magic regeneration (around mantle)
 q - a ring of ice
Talismans
 b - a beast talisman
Scrolls
 c - 3 scrolls of fog {unknown}
 e - a scroll of torment {unknown}
 f - 2 scrolls of blinking {unknown}
 h - 2 scrolls of vulnerability {unknown}
 j - a scroll of revelation {unknown}
 k - a scroll of immolation {unknown}
 m - 2 scrolls of enchant armour {unknown}
 n - a scroll of amnesia {unknown}
Potions
 a - 4 potions of lignification
 d - 3 potions of might {unknown}
 l - a potion of heal wounds {unknown}
 o - 3 potions of curing {unknown}
 r - a potion of berserk rage {unknown}
 s - a potion of brilliance {unknown}


   Skills:
 + Level 2.8 Fighting
 + Level 2.6 Dodging
 * Level 3.2 Unarmed Combat
 + Level 1.4 Evocations
 * Level 3.7 Shapeshifting


You had 4 spell levels left.
You didn't know any spells.
Your spell library contained the following spells:

 Spells                   Type           Power      Damage    Failure   Level
 Sandblast                Erth           0%         2d4       36%         1
 Cigotuvi's Dreadful Rot  Necr/Pois/Air  0%         N/A       50%         2
 Passwall                 Tmut/Erth      0%         N/A       50%         2
 Gell's Gravitas          Tloc           0%         N/A       75%         3
 Stone Arrow              Conj/Erth      0%         3d7       75%         3
 Teleport Other           Tloc           0%         N/A       75%         3
 Vhi's Electric Charge    Tloc/Air       0%         N/A       75%         3
 Dispel Undead            Necr           0%         3d6       98%         4
 Arcjolt                  Conj/Air       0%         1d10      100%        5
 Summon Forest            Summ/Tloc      0%         N/A       100%        5
 Death Channel            Necr           0%         N/A       100%        6
 Dispersal                Tloc           0%         N/A       100%        6
 Eringya's Noxious Bog    Tmut/Pois      0%         4d6       100%        6
 Summon Hydra             Summ           0%         N/A       100%        7
 Maxwell's Capacitive Co  Air            0%         ∞         100%        8


Dungeon Overview and Level Annotations

Branches:
Dungeon (4/15)
 Temple: D:4-7

Altars:
Ashenzari
Makhleb


Innate Abilities, Weirdness & Mutations

You are a hulking beast.
Your limbs bulge with bestial killing power. (Slay +2)
You cannot wear most types of armour.
You are amphibious.
You can wear up to eight rings at the same time.
Your skin changes colour to match your surroundings (Stealth+).
Your rubbery body absorbs attacks. (AC +1, EV +1)
((You are camouflaged when in or above water. (Stealth+)))
You have tentacles for arms and can constrict up to eight enemies at once.


Message History

You squeeze the hobgoblin, but do no damage.
You constrict the hobgoblin, but do no damage.
The hobgoblin hits you.
You completely miss the hobgoblin. You constrict the hobgoblin.
The hobgoblin hits you.
You tentacle-slap the hobgoblin.
You kill the hobgoblin!
The ball python closely misses you. The ball python grabs you.
The ball python constricts you.
You tentacle-slap the ball python.
You kill the ball python!
No target in view!
No target in view!
No target in view!
No target in view!
No target in view!
m - 2 scrolls labelled FUSSIF ZALE (gained 1)
There is a stone staircase leading down here.
You now have 267 gold pieces (gained 9).
A jelly comes into view.
A jelly is nearby!
A jelly is nearby!
A jelly is nearby!
The helpless jelly fails to defend itself.
You tentacle-slap the jelly.
Your tentacles burn!
The jelly is moderately wounded.
The jelly hits you.
You are splashed with acid!
You tentacle-slap the jelly.
Your tentacles burn!
The jelly is heavily wounded.
The jelly hits you.
You are splashed with acid!
* * * LOW HITPOINT WARNING * * *
You are too injured to fight recklessly!
You are too injured to fight recklessly!
You tentacle-slap the jelly. The acid corrodes you!
Your tentacles burn!
* * * LOW HITPOINT WARNING * * *
The jelly is severely wounded.
The jelly hits you.
* * * LOW HITPOINT WARNING * * *
You are splashed with acid!
You die...

... #.# # #.# ### #. ...
... #.##.##.# #.#.#.#
#..J# #h# #.### # #...#
#.################.###.#
......#................#
####....##########.###..#
#.......# #.# # ..##.>.##
#.# ..###.####### #..


You could see a jelly.

Vanquished Creatures
  2 sleepcaps
  4 adders
  2 worms
  A dart slug (D:3)
  3 ball pythons
  5 bats
  2 giant cockroaches (D:3)
  7 hobgoblins
  4 quokkas
  A frilled lizard (D:3)
  4 goblins
  5 kobolds
  6 rats
46 creatures vanquished.

Notes
Turn   | Place    | Note
-------+----------+-------------------------------------------
     0 | D:1      | LeprechaunX the Octopode Shapeshifter began the quest for
                  | the Orb.
     0 | D:1      | Reached XP level 1. HP: 14/14 MP: 1/1
   514 | D:2      | Reached XP level 2. HP: 19/19 MP: 2/2
   660 | D:2      | Found the +2 ratskin cloak {*Rats rPois rN+ Str-1 Int-1
                  | Dex+1}
   703 | D:2      | Reached XP level 3. HP: 13/24 MP: 3/3
  1456 | D:3      | Found a broken altar of Ashenzari.
  1463 | D:3      | Reached XP level 4. HP: 30/30 MP: 4/4
  1494 | D:3      | Reached skill level 1 in Evocations
  1517 | D:3      | Found a burning altar of Makhleb.
  2057 | D:4      | Reached XP level 5. HP: 26/36 MP: 5/5
  2165 | D:4      | Splashed by a jelly's acid

Illustrated notes

Levels and vault maps discovered:
D:1:      shiori_arrival_oz, layout_rooms
D:2:      layout_loops_ring, palyth_stone_intersect, minmay_tree_intersection
D:3:      minmay_bubble_buster, layout_loops_ring, ashenzari_altar_1,
          lightli_temple_of_fire
D:4:      layout_loops_ring, vehumet_crystals, mainiacjoe_overflow_24_doors,
          hellmonk_ghost_happy_afterlife

Skill      XL: |  1  2  3  4 |
---------------+-------------+-----
Evocations     | 1 |  1.4
Unarmed Combat | 3 |  3.2
Fighting       | |  2.8
Dodging        | |  2.6
Shapeshifting  | |  3.7

Action                     |  1- 3 |  4- 6 || total
---------------------------+-------+-------++-------
  Melee: Unarmed           |    40 |    40 ||    80
         Constrict         |    15 |    13 ||    28
         Tentacles         |    10 |    12 ||    22
         Punch             |       |     1 ||     1
   Stab: Sleeping          |     3 |     4 ||     7
         Distracted        |     1 |       ||     1
 Armour: Skin              |     1 |     3 ||     4
  Dodge: Dodged            |    23 |    20 ||    43

Table legend: (Time is in decaauts)
 A = Elapsed time spent in this place.
 B = Non-inter-level travel time spent in this place.
 C = Inter-level travel time spent in this place.
 D = Time resting spent in this place.
 E = Time spent auto-exploring this place.
 F = Levels seen in this place.
 G = Mean time per level.
                   A        B        C        D        E       F      G
               +--------+--------+--------+--------+--------+-----+--------+
         Total |   2159 |   2053 |    106 |      0 |   1758 |   4 |  539.8 |
       Dungeon |   2159 |   2053 |    106 |      0 |   1758 |   4 |  539.8 |
               +--------+--------+--------+--------+--------+-----+--------+

Top non-repeatable levels by time:
     D:2: 751 daAuts
     D:3: 739 daAuts
     D:1: 502 daAuts
     D:4: 165 daAuts
